 Dungeon Crawl Stone Soup version 0.29.1-1-gd02db6906a (webtiles) character file.

Game seed: 6770671017389803023

135 SINSOJ the Cudgeller (level 4, -2/61 HPs)
             Began as a Minotaur Berserker on Oct 19, 2022.
             Was a Believer of Trog.
             Killed by divine providence
             ... invoked by an orc priest
              (13 damage)
             ... on level 3 of the Dungeon.
             The game lasted 00:04:09 (3153 turns).

SINSOJ the Cudgeller (Minotaur Berserker)           Turns: 3153, Time: 00:04:12

Health: -2/61      AC:  2    Str: 24    XL:     4   Next: 97%
Magic:  3/3        EV: 12    Int:  4    God:    Trog [**....]
Gold:   115        SH:  0    Dex:  9    Spells: 3/3 levels left

rFire   . . .      SeeInvis .   a - +0 mace
rCold   . . .      Faith    .   (no shield)
rNeg    . . .      Spirit   .   b - +0 animal skin
rPois   .          Reflect  .   (helmet restricted)
rElec   .          Harm     .   (no cloak)
rCorr   .          Rampage  .   (no gloves)
Will    ++...                   (no boots)
Stlth   ..........              (no amulet)
HPRegen 1.20/turn               (no ring)
MPRegen 0.08/turn               (no ring)

@: berserking, strong-willed, regenerating, very quick
A: horns 2, retaliatory headbutt
a: Renounce Religion, Berserk, Trog's Hand


You were on level 3 of the Dungeon.
You worshipped Trog.
Trog was pleased with you.
You visited 1 branch of the dungeon, and saw 3 of its levels.

You collected 115 gold pieces.

Inventory:

Hand Weapons
 a - a +0 mace (weapon)
Missiles
 n - a throwing net (quivered)
Armour
 b - a +0 animal skin (worn)
Wands
 i - a wand of quicksilver (4)
 q - a wand of polymorph (9)
Scrolls
 c - a scroll of noise {unknown}
 d - 2 scrolls of butterflies {unknown}
 e - 2 scrolls of teleportation {unknown}
 f - 3 scrolls of fear {unknown}
 g - 4 scrolls of identify {unknown}
 l - a scroll of magic mapping {unknown}
 m - a scroll of amnesia {unknown}
Potions
 h - 2 potions of curing {unknown}
 j - a potion of attraction {unknown}
 k - 3 potions of heal wounds {unknown}
 o - a potion of flight {unknown}
 p - a potion of degeneration {unknown}


   Skills:
 + Level 4.9 Fighting
 + Level 5.4 Maces & Flails
 + Level 2.6 Armour
 + Level 3.0 Dodging
 + Level 0.4 Stealth


You had 3 spell levels left.
You didn't know any spells.
Your spell library was empty.

Dungeon Overview and Level Annotations

Branches:
Dungeon (3/15)

Altars:


Innate Abilities, Weirdness & Mutations

You have a pair of horns on your head.
You reflexively headbutt those who attack you in melee.


Message History

The orc barely misses you. The orc priest closely misses you.
The orc wizard hits you with a +0 dagger.
The orc closely misses you. The orc priest misses you.
The orc wizard closely misses you.
You see here a +0 club.
The orc attacks as you move away! The orc hits you with a +0 mace.
Found a long glowing staff.
The orc priest calls down the wrath of Beogh upon you.
Beogh smites you! The orc wizard closely misses you. You furiously retaliate!
You headbutt the orc wizard. The rat attacks as you move away!
The rat closely misses you. The orc misses you. You furiously retaliate!
You headbutt the orc!
You kill the orc!
Trog accepts your kill. The orc wizard casts a spell at you.
The puff of flame hits you!
* * * LOW HITPOINT WARNING * * *
Your skin crawls.
You feel strong-willed. The rat barely misses you.
The orc wizard hits you with a +0 dagger.
* * * LOW HITPOINT WARNING * * *
The orc priest closely misses you.
A red film seems to cover your vision as you go berserk!
You feel yourself moving faster!
You feel mighty! The rat barely misses you. You furiously retaliate!
You headbutt the rat!
You kill the rat!
Trog accepts your kill. The orc wizard barely misses you.
The orc priest calls down the wrath of Beogh upon you.
Beogh smites you!
* * * LOW HITPOINT WARNING * * *
Your Dodging skill increases to level 3!
You hit the orc wizard.
The orc wizard is heavily wounded.
The orc wizard hits you with a +0 dagger.
* * * LOW HITPOINT WARNING * * *
The orc priest calls down the wrath of Beogh upon you.
Beogh smites you!
You die...

#####.#....###........
....)[................
#.....#....###........
..#.###........|..$. #
#.# #...######.$.
###.# #...#
###.###.##. ....#
#...####..........
.####
##...#...oo###.##. ##
#.......o@....... #
#.#...#########.. #
#.#....... #
#....#..## #..#..##.#
#.....# .# .#
#...#########
........##.......##
##... #.8##'##8.#


You could see an orc priest, an orc wizard and an orc.

Vanquished Creatures
  Terence (D:2)
  3 gnolls (D:3)
  An adder (D:3)
  A worm (D:2)
  2 dart slugs (D:1)
  4 orcs (D:3)
  3 endoplasms
  17 giant cockroaches
  4 hobgoblins
  3 kobolds
  5 ball pythons
  5 bats
  2 frilled lizards
  4 goblins
  4 rats
59 creatures vanquished.

Notes
Turn   | Place    | Note
-------+----------+-------------------------------------------
     0 | D:1      | SINSOJ the Minotaur Berserker began the quest for the Orb.
     0 | D:1      | Reached XP level 1. HP: 19/19 MP: 0/0
   348 | D:1      | Reached skill level 4 in Maces & Flails
   386 | D:1      | Found a faded altar of an unknown god.
   427 | D:1      | Reached XP level 2. HP: 23/27 MP: 1/1
  1080 | D:2      | Noticed Terence
  1088 | D:2      | Killed Terence
  1089 | D:2      | Reached XP level 3. HP: 11/34 MP: 2/2
  2074 | D:2      | Reached skill level 5 in Maces & Flails
  2219 | D:2      | Reached XP level 4. HP: 41/41 MP: 3/3
  2403 | D:3      | Reached ** piety under Trog
  3153 | D:3      | Killed from afar by an orc priest

Illustrated notes

Levels and vault maps discovered:
D:1:      dpeg_arrival_tiny_a, layout_basic, dreamdust_ecumenical_altar_statues
D:2:      layout_loops_ring, uniq_terence
D:3:      minmay_roachtagon, layout_rooms, grunt_nemelex_the_gamble,
          grunt_ministairs_11

Skill      XL: |  1  2  3  4 |
---------------+-------------+-----
Maces & Flails | 4 5 |  5.4
Fighting       | 4 |  4.9
Dodging        | 3 |  3.0
Armour         | |  2.6
Stealth        | |  0.4

Action                   |  1- 3 |  4- 6 || total
-------------------------+-------+-------++-------
Melee: Mace              |    61 |    51 ||   112
       Headbutt          |    12 |     9 ||    21
Invok: Berserk           |     1 |     1 ||     2
       Trog's Hand       |       |     1 ||     1
Armor: Animal skin       |    12 |    22 ||    34
Dodge: Dodged            |    48 |    67 ||   115
